 Dungeon Crawl Stone Soup version 0.25-a0-283-ge7e91ba8d0 (webtiles) character file.

Game seed: 1192477160020035422, levelgen mode: deterministic

114 D1HalberdGnoll the Gusty (level 4, -1/26 HPs)
             Began as a Tengu Air Elementalist on Dec 11, 2019.
             Killed from afar by an orc wizard (5 damage)
             ... with a magic dart
             ... on level 3 of the Dungeon.
             The game lasted 00:04:22 (2068 turns).

D1HalberdGnoll the Gusty (Tengu Air Elementalist)   Turns: 2068, Time: 00:04:23

Health: -1/26      AC:  3    Str:  8    XL:     4   Next: 97%
Magic:  0/8        EV: 13    Int: 16    God:
Gold:   126        SH:  0    Dex: 15    Spells: 3/8 levels left

rFire    . . .     SeeInvis .   e - +0 dagger
rCold    . . .     Gourm    .   (no shield)
rNeg     . . .     Faith    .   a - +0 robe
rPois    .         Spirit   .   (helmet restricted)
rElec    .         Reflect  .   (no cloak)
rCorr    .         Harm     .   f - +0 pair of gloves
MR       .....                  (boots unavailable)
Stlth    ++........             (no amulet)
HPRegen  0.08/turn              (no ring)
MPRegen  0.11/turn              (no ring)

@: invisible
A: beak, talons 3
a: no special abilities


You were on level 3 of the Dungeon.
You were not hungry.

You visited 1 branch of the dungeon, and saw 3 of its levels.

You collected 126 gold pieces.

Inventory:

Hand Weapons
 e - a +0 dagger (weapon)
Missiles
 g - 2 atropa-tipped darts
 m - 19 poisoned darts (quivered)
Armour
 a - a +0 robe (worn)
 f - a +0 pair of gloves (worn)
Jewellery
 o - an uncursed ring of flight {unknown}
Scrolls
 d - a scroll of identify
 k - a scroll of remove curse
 l - a scroll of fear {unknown}
Potions
 h - a potion of haste
Comestibles
 c - 5 rations


   Skills:
 + Level 1.7 Fighting
 - Level 2.1 Dodging
 - Level 2.0 Stealth
 + Level 2.6 Spellcasting
 + Level 2.9 Conjurations
 * Level 5.5 Air Magic


You had 3 spell levels left.
You knew the following spells:

 Your Spells              Type           Power        Failure   Level  Hunger
a - Shock                 Conj/Air       ###.         3%          1    #......
b - Airstrike             Air            ###.......   21%         4    #####..

Your spell library contained the following spells:

 Spells                   Type           Power        Failure   Level  Hunger
 Swiftness                Chrm/Air       ##......     10%         2    ##.....
 Static Discharge         Conj/Air       ###.....     11%         3    ###....
 Lightning Bolt           Conj/Air       ###.......   67%         5    ######.


Dungeon Overview and Level Annotations

Branches:
Dungeon (3/15)

Altars:
Vehumet
Xom
Yredelemnul


Innate Abilities, Weirdness & Mutations

You have a beak for a mouth.
You have claws for feet.


Message History

The poisoned dart hits the orc.
The orc is poisoned.
The orc wizard hits you but does no damage.
Throwing (i - inventory. (/) - cycle)
m - 20 poisoned darts (quivered)
Press: ? - help, Shift-Dir - straight line, f/p - orc wizard
Aim: an orc wizard, wielding a +0 dagger and wearing a +0 robe (heavily wounded)
You throw a poisoned dart. The poisoned dart hits the orc wizard.
The orc wizard is poisoned.
The orc wizard is heavily wounded.
The orc wizard hits you with a +0 dagger.
* * * LOW HITPOINT WARNING * * *
It was a potion of cancellation.
Your magical effects are unravelling.
You feel magically purged.
You float gracefully downwards.
The orc wizard points at you and mumbles some strange words.
The puff of flame misses you.
It was a potion of invisibility.
You fade into invisibility!
The orc wizard points at you and mumbles some strange words.
The magic dart hits you.
You die...

#. #.### ....# +#
#.#.# ... #.#.## ....
#.###.#..## .....
.........####?.....
#.....@oo().....
##.#...####......
#.#.#.## ..... #.####
.... ####.### ...
#......# #+# #.##.#.#
######.# #.##.#.#
#....#.###
#>##.#.#####........#


You could see an orc wizard and an orc.

Vanquished Creatures
  A scorpion (D:2)
  An adder (D:2)
  A worm (D:2)
  A dart slug (D:2)
  An orc (D:3)
  6 bats
  5 giant cockroaches
  5 goblins
  4 hobgoblins
  6 jackals (D:1)
  3 kobolds
  4 quokkas
  2 frilled lizards
  4 rats
44 creatures vanquished.

Vanquished Creatures (others)
  An adder (D:2)
  A goblin (D:2)
2 creatures vanquished.

Grand Total: 46 creatures vanquished

Notes
Turn   | Place    | Note
-------+----------+-------------------------------------------
     0 | D:1      | D1HalberdGnoll the Tengu Air Elementalist began the quest
                  | for the Orb.
     0 | D:1      | Reached XP level 1. HP: 10/10 MP: 4/4
   138 | D:1      | Reached XP level 2. HP: 16/16 MP: 3/6
   881 | D:2      | Reached XP level 3. HP: 20/20 MP: 2/7
   933 | D:2      | Reached skill level 1 in Fighting
  1187 | D:2      | Found a radiant altar of Vehumet.
  1381 | D:2      | Reached skill level 5 in Air Magic
  1488 | D:2      | Noticed a scorpion
  1496 | D:2      | Killed a scorpion
  1496 | D:2      | Reached XP level 4. HP: 11/25 MP: 0/8
  1712 | D:2      | Found a shimmering altar of Xom.
  1932 | D:3      | Learned a level 4 spell: Airstrike
  2001 | D:3      | Found a basalt altar of Yredelemnul.
  2068 | D:3      | Killed from afar by an orc wizard

Levels and vault maps discovered:
D:1:      dpeg_arrival_short_road, layout_basic
D:2:      layout_rooms, fiery_altar_vehumet, xom_teletrap_fun
D:3:      layout_loops_corners, marbit_many_paths,
          nicolae_overflow_hidden_temple, first_ration

Skill      XL: |  1  2  3 |
---------------+----------+-----
Conjurations   | 2 |  2.9
Fighting       | 1 |  1.7
Air Magic      | 5 |  5.5
Dodging        | |  2.1
Stealth        | |  2.0
Spellcasting   | |  2.6

Action                   |  1- 3 |  4- 6 || total
-------------------------+-------+-------++-------
Melee: Dagger            |    45 |     5 ||    50
       Kick              |     5 |     1 ||     6
       Peck              |     4 |       ||     4
Throw: Dart              |     1 |     2 ||     3
 Cast: Shock             |    70 |    28 ||    98
  Use: Scroll            |     2 |       ||     2
       Potion            |       |     3 ||     3
  Eat: Chunk             |     3 |     2 ||     5
Armor: Robe              |    25 |     3 ||    28
Dodge: Dodged            |    34 |    11 ||    45

Table legend:
 A = Non-vault XP
 B = Vault XP
 C = Vault XP percentage of total XP
 D = Non-vault monster count
 E = Vault monster count
 F = Vault count percentage of total count
                 A         B        C        D         E       F
            +---------+---------+-------+---------+---------+-------
      Total |     163 |       0 |   0.0 |      45 |       0 |   0.0
            +---------+---------+-------+---------+---------+-------
        D:1 |      36 |       0 |   0.0 |      21 |       0 |   0.0
        D:2 |     120 |       0 |   0.0 |      21 |       0 |   0.0
        D:3 |       7 |       0 |   0.0 |       3 |       0 |   0.0
            +---------+---------+-------+---------+---------+-------
